 Dungeon Crawl Stone Soup version 0.30-a0-586-g23e55c9e0a (webtiles) character file.

Game seed: 12519165827563916561

12048 tkbsonic5 the Conjurer (level 11, -2/76 (86) HPs)
             Began as a Demigod Conjurer on Dec 31, 2022.
             Slain by Harold
             ... wielding a +1 scimitar of draining
              (3 damage)
             ... on level 11 of the Dungeon on Jan 4, 2023.
             The game lasted 00:50:10 (13633 turns).

tkbsonic5 the Conjurer (Demigod Conjurer)          Turns: 13633, Time: 00:50:11

HP:   -2/76 (86)    AC: 10    Str: 12      XL:     11   Next: 32%
MP:   6/23          EV: 16    Int: 27 (28) God:
Gold: 140           SH:  0    Dex: 12 (14) Spells: 3/21 levels left

rFire   . . .      SeeInvis +    b - +6 battleaxe "Rougat" {pain, Dex+2}
rCold   . . .      Faith    .    (shield currently unavailable)
rNeg    . . .      Spirit   .    n - +0 ring mail
rPois   .          Reflect  .    w - +1 helmet
rElec   .          Harm     .    (no cloak)
rCorr   .          Rampage  .    i - +2 pair of gloves
Will    +....                    (no boots)
Stlth   +                        (no amulet)
HPRegen 0.32/turn                e - ring of see invisible
MPRegen 0.18/turn                y - +5 ring of evasion

@: lethally poisoned (-2 -> -31), heavily drained
A: high MP 1, forlorn, divine attributes, deterioration 1, MP-powered wands
a: no special abilities


You were on level 11 of the Dungeon.
You visited 2 branches of the dungeon, and saw 12 of its levels.

You collected 576 gold pieces.
You spent 436 gold pieces at shops.

Inventory:

Hand Weapons
 b - the +6 battleaxe "Rougat" (weapon) {pain, Dex+2}
   (You bought it in a shop on level 6 of the Dungeon)

   In the hands of one skilled in necromantic magic, it inflicts extra damage on
   living creatures.
   Dex:       It affects your dexterity (+2).
 k - a +0 quarterstaff
 l - the +3 glaive of Paper {spect, rElec rF+}
   (You found it on level 7 of the Dungeon)

   When its wielder attacks, the weapon's spirit leaps out and strikes again.
   The spirit shares a part of any damage it takes with its wielder.
   rF:        It protects you from fire.
   rElec:     It insulates you from electricity.
 x - a +6 battleaxe of electrocution
Armour
 a - a +0 robe
 d - a +0 buckler
 i - a +2 pair of gloves (worn)
 n - a +0 ring mail (worn)
 o - a +1 chain mail of cold resistance
 w - a +1 helmet (worn)
Jewellery
 e - a ring of see invisible (left hand)
 m - a ring of willpower
 p - a ring of poison resistance
 y - a +5 ring of evasion (right hand)
 z - a ring of protection from fire
Wands
 h - a wand of acid (9)
 r - a wand of paralysis (8)
 t - a wand of digging (4)
 B - a wand of flame (12)
Scrolls
 f - 6 scrolls of identify
 u - a scroll of blinking
 v - 2 scrolls of teleportation
 F - a scroll of butterflies
Potions
 c - 2 potions of might
 j - 2 potions of curing
 q - 2 potions of heal wounds
 s - a potion of flight
 A - 3 potions of brilliance
Miscellaneous
 D - a phantom mirror
 E - a phial of floods


   Skills:
 * Level 5.1 Fighting
 * Level 3.3 Axes
 - Level 2.5 Staves
 - Level 0.2 Ranged Weapons
 * Level 2.9 Armour
 * Level 3.2 Dodging
 - Level 1.7 Stealth
 * Level 5.7 Spellcasting
 * Level 7.0 Conjurations
 * Level 4.4 Hexes
 * Level 4.6 Summonings
 + Level 3.0 Necromancy
 + Level 1.2 Translocations
 + Level 0.8 Fire Magic
 * Level 4.9 Ice Magic
 * Level 3.1 Air Magic
 * Level 5.2 Earth Magic
 * Level 3.0 Poison Magic
 + Level 3.2 Evocations


You had 3 spell levels left.
You knew the following spells:

 Your Spells              Type           Power      Damage    Failure   Level
a - Magic Dart            Conj           100%       1d8       1%          1
b - Searing Ray           Conj           90%        2d7       1%          2
c - Stone Arrow           Conj/Erth      80%        3d12      3%          3
d - Summon Ice Beast      Ice/Summ       33%        N/A       21%         4
e - Ensorcelled Hibernat  Hex/Ice        66%        N/A       3%          2
f - Mephitic Cloud        Conj/Pois/Air  31%        N/A       7%          3
g - Kindle Blastsparks    Fire/Tloc/Air  32%        2d12      22%         3

Your spell library contained the following spells:

 Spells                   Type           Power      Damage    Failure   Level
 Sandblast                Erth           70%        2d15      1%          1
 Shock                    Conj/Air       100%       1d9       1%          1
 Call Imp                 Summ           33%        N/A       3%          2
 Dazzling Flash           Conj/Hex       76%        N/A       4%          3
 Passwall                 Tmut/Erth      17%        N/A       8%          2
 Swiftness                Air            24%        N/A       12%         3
 Ignite Poison            Fire/Tmut/Pois 14%        N/A       26%         3
 Fulminant Prism          Conj/Hex       19%        3d10      14%         4
 Iskenderun's Mystic Bla  Conj/Tloc      30%        2d8       26%         4
 Airstrike                Air            12%        2d(2-18)  38%         4
 Freezing Cloud           Conj/Ice/Air   17%        6-21      45%         5
 Summon Mana Viper        Hex/Summ       32%        N/A       52%         5
 Starburst                Conj/Fire      14%        6d6       99%         6
 Monstrous Menagerie      Summ           16%        N/A       100%        7


Dungeon Overview and Level Annotations

Branches:
Dungeon (11/15)            Temple (1/1) D:6            Lair (0/5) D:11
    Orc (0/2) D:10

Shops:
D:6 =(:   D:10 !   D:11 *

Annotations:
D:4 Eustachio
D:6 2 transporters, Shayle's ghost, novice TeRe
D:8 Joseph
D:11 Harold; Lodul


Innate Abilities, Weirdness & Mutations

You have an increased reservoir of magic. (+10% MP)
You shall have no god before yourself.
Your divine heritage dramatically boosts your attributes as you level up.
Your body sometimes deteriorates upon taking damage.
You expend magic power (3 MP) to strengthen your wands.


Message History

The black bear is poisoned.
The elephant tramples you.
You hold your ground!
The elephant trunk-slaps you.
You are engulfed in poison gas.
You are poisoned.
You feel very sick.
The black bear looks even sicker.
The yak is engulfed in poison gas.
The yak looks even sicker.
The yak gores the elephant but does no damage.
Harold hits you with a +1 scimitar of draining.
You feel drained.
You completely miss Harold.
You are engulfed in poison gas.
You are more poisoned.
You feel extremely sick.
Harold hits you with a +1 scimitar of draining!
You feel drained. The elephant tramples your ice beast!
Your ice beast stumbles backwards!
The yak is engulfed in poison gas.
The yak looks even sicker.
Your ice beast hits the elephant.
Your ice beast freezes the elephant!
The elephant is engulfed in poison gas.
The elephant is poisoned.
The elephant barely misses you. The elephant closely misses you.
The yak looks as sick as possible!
The black bear is engulfed in poison gas.
The black bear looks even sicker.
Harold hits you with a +1 scimitar of draining!
* * * LOW HITPOINT WARNING * * *
Your body deteriorates!
You feel clumsy.
You feel drained.
* * * LOW HITPOINT WARNING * * *
Okay, then.
You feel much better.
You are engulfed in poison gas.
You are lethally poisoned!
* * * LOW HITPOINT WARNING * * *
You feel extremely sick.
Your ice beast hits the elephant but does no damage.
The black bear is engulfed in poison gas.
The black bear looks as sick as possible!
You kill the black bear!
Harold hits you with a +1 scimitar of draining!
* * * LOW HITPOINT WARNING * * *
Your body deteriorates!
You feel dopey.
You feel drained.
You die...

,,,****,.,***,*,,,*,,,,,,,,,,*,,*
,,,***,,..,****,,,#######*,,,*,,*
,,,**,,,...,**,,,,#..§...,,,,+,,*
,,,**,,,.P..**,,,,#.§...,,,,,*,,*
,,,*,,,,.....##+###§.####*+***,,*
,,,,,,,,......§§§§☼.....#,,,*,,,,
,,,,,,,,>§.....Y(§......#,,,*,,,,
,,,*,,,,.....###Y##..####********
,,,*,,,,.§.....@@Y#.....#,,,*,,,*
,,,**,,,....#.§§§§#.....#,,,#...#
,,,**,,,,,,,#☼§§☼§#.....#,,,#...#
,,,+**,,,,,*#§§§§§#.....#,,,#...#
,,,****,,,**#§§§§§#.....#,,,+...#
,,,*,,,,,,,*§§§§§§#.....#,,,#...#
,,,*,,,,,,,#......#.....#####...#
,,,*,,,*,,,.......#.........#...#
,,,*,,,*,,,,,,,,,,#.........'...#


You could see Harold, an elephant (distracted, poisoned, ally target), a yak
(confused, extremely poisoned) and a friendly ice beast (summoned).

Vanquished Creatures
  2 two-headed ogres
  A centaur warrior (D:10)
  A cyclops (D:10)
  A manticore (D:10)
  An unseen horror (D:11)
  A tengu conjurer (D:10)
  2 trolls
  Sigmund (D:4)
  16 yaks
  A shadow (D:9)
  4 wraiths
  A basilisk (D:11)
  4 wyverns
  Menkaure (D:5)
  4 steam dragons
  2 acid dragons
  2 water moccasins
  A swamp drake (D:10)
  5 orc warriors
  A sky beast (D:7)
  4 black bears
  6 ogres
  3 centaurs
  A kobold brigand (D:7)
  2 bullfrogs (D:8)
  3 scorpions
  8 wights
  A killer bee (D:10)
  4 howler monkeys
  3 hounds
  A jelly (D:6)
  4 orc priests
  Ijyb (D:4)
  4 iguanas
  12 orc wizards
  4 gnolls (D:7)
  5 adders
  5 white imps
  An ufetubus (Temple)
  3 worms
  35 orcs
  6 bats
  7 endoplasms
  A giant cockroach (D:3)
  13 goblins
  8 hobgoblins
  2 jackals (D:4)
  3 quokkas
  8 ball pythons
  5 frilled lizards (D:1)
  11 kobolds
  7 rats
233 creatures vanquished.

Vanquished Creatures (collateral kills)
  An orc warrior (D:9)
  An orc (D:9)
2 creatures vanquished.

Grand Total: 235 creatures vanquished

Notes
Turn   | Place    | Note
-------+----------+-------------------------------------------
     0 | D:1      | tkbsonic5 the Demigod Conjurer began the quest for the Orb.
     0 | D:1      | Reached XP level 1. HP: 14/14 MP: 5/5
   327 | D:1      | Reached XP level 2. HP: 22/22 MP: 4/7
   331 | D:1      | Learned a level 2 spell: Searing Ray
   721 | D:1      | Reached skill level 4 in Conjurations
  1158 | D:2      | Reached XP level 3. HP: 27/27 MP: 3/9
  1238 | D:2      | Learned a level 3 spell: Stone Arrow
  1458 | D:2      | Reached skill level 1 in Fighting
  1920 | D:2      | Reached skill level 1 in Earth Magic
  2429 | D:3      | Noticed an orc warrior
  2433 | D:3      | Reached XP level 4. HP: 35/35 MP: 5/10
  2517 | D:3      | Killed an orc warrior
  2518 | D:3      | Reached XP level 5. HP: 40/40 MP: 0/12
  2636 | D:3      | Noticed a black bear
  2674 | D:3      | Learned a level 4 spell: Summon Ice Beast
  2800 | D:4      | Noticed Sigmund
  2820 | D:4      | Killed Sigmund
  2821 | D:4      | Reached skill level 1 in Summonings
  2821 | D:4      | Reached skill level 1 in Ice Magic
  2821 | D:4      | Reached XP level 6. HP: 48/48 MP: 3/14
  2977 | D:4      | Noticed Ijyb
  2985 | D:4      | Killed Ijyb
  3243 | D:4      | Reached skill level 1 in Staves
  3345 | D:4      | Reached skill level 5 in Conjurations
  3558 | D:4      | Reached XP level 7. HP: 56/56 MP: 1/15
  3661 | D:4      | Learned a level 2 spell: Ensorcelled Hibernation
  3948 | D:4      | Noticed Eustachio
  4088 | D:5      | Entered Level 5 of the Dungeon
  4448 | D:5      | Noticed Menkaure
  4530 | D:5      | Killed Menkaure
  4531 | D:5      | Reached skill level 1 in Hexes
  4981 | D:6      | Found Suce's Book Boutique.
  5074 | D:6      | Noticed a steam dragon
  5076 | D:6      | Killed a steam dragon
  5182 | D:6      | Reached XP level 8. HP: 58/63 MP: 0/17
  5387 | D:6      | Found Jeomipn's Jewellery Emporium.
  5418 | D:6      | Found a transporter.
  5419 | D:6      | Found a transporter.
  5419 | D:6      | Noticed Shayle's ghost (novice TeRe)
  5726 | D:6      | Reached skill level 1 in Evocations
  6044 | D:6      | Found a staircase to the Ecumenical Temple.
  6053 | Temple   | Entered the Ecumenical Temple
  6150 | Temple   | Upgraded the game from 0.30-a0-578-gdee14c521f to
                  | 0.30-a0-586-g23e55c9e0a
  6276 | D:6      | Gained mutation: Your body sometimes deteriorates upon
                  | taking damage. [potion of mutation]
  6276 | D:6      | Gained mutation: You expend magic power (3 MP) to
                  | strengthen your wands. [potion of mutation]
  6327 | D:6      | Found Feali's Antique Weapon Emporium.
  6496 | D:6      | Bought a faintly glowing battleaxe for 241 gold pieces
  6496 | D:6      | Identified the +6 battleaxe "Rougat" {pain, Dex+2} (You
                  | bought it in a shop on level 6 of the Dungeon)
  7277 | D:7      | Reached skill level 1 in Axes
  7417 | D:7      | Identified the +3 glaive of Paper {spect, rElec rF+}
  7431 | D:7      | Reached XP level 9. HP: 49/71 MP: 13/19
  7435 | D:7      | Learned a level 3 spell: Mephitic Cloud
  7699 | D:7      | Reached skill level 1 in Necromancy
  7816 | D:7      | Reached skill level 6 in Conjurations
  8682 | D:8      | Reached skill level 1 in Poison Magic
  8806 | D:8      | Noticed Joseph
  8810 | D:8      | Noticed a two-headed ogre
  8856 | D:8      | Reached skill level 1 in Armour
  8856 | D:8      | Reached skill level 1 in Air Magic
  8874 | D:8      | Killed a two-headed ogre
  9748 | D:9      | Reached XP level 10. HP: 42/80 MP: 1/21
  9956 | D:9      | Reached skill level 5 in Spellcasting
 10299 | D:9      | Learned a level 3 spell: Kindle Blastsparks
 10725 | D:10     | Entered Level 10 of the Dungeon
 10947 | D:10     | Found Foigac's Distillery.
 10966 | D:10     | Bought a potion of heal wounds for 65 gold pieces
 10966 | D:10     | Bought a potion of heal wounds for 65 gold pieces
 10966 | D:10     | Bought a potion of heal wounds for 65 gold pieces
 11094 | D:10     | Noticed a centaur warrior
 11542 | D:10     | Noticed a two-headed ogre
 11555 | D:10     | Killed a two-headed ogre
 11770 | D:10     | Noticed a cyclops
 11782 | D:10     | Killed a cyclops
 11855 | D:10     | Noticed a manticore
 11861 | D:10     | Killed a manticore
 12055 | D:10     | Reached XP level 11. HP: 85/85 MP: 15/23
 12136 | D:10     | Killed a centaur warrior
 12137 | D:10     | Reached skill level 5 in Fighting
 12421 | D:10     | Reached skill level 5 in Earth Magic
 12455 | D:10     | Reached skill level 1 in Translocations
 12606 | D:10     | Reached skill level 7 in Conjurations
 13059 | D:10     | Found a staircase to the Orcish Mines.
 13223 | D:11     | Found Fauss's Assorted Antiques.
 13423 | D:11     | Noticed Lodul
 13620 | D:11     | Found a staircase to the Lair.
 13628 | D:11     | Noticed Harold
 13633 | D:11     | HP: 1/79 [Harold/+1 scimitar of draining (17)]
 13633 | D:11     | Slain by Harold

Illustrated notes

Levels and vault maps discovered:
D:1:      nzn_arrival_depleted_hourglass, layout_basic, minmay_unequal
D:2:      layout_basic, serial_bayou_crossing
D:3:      layout_basic, dk_vineyard_3, nrook_uturn, kennysheep_generic_room_12
D:4:      layout_cave_pods, mainiacjoe_overflow_cross_hatched,
          lemuel_coloured_pillars_altar, kennysheep_generic_room_14, uniq_ijyb,
          uniq_eustachio, uniq_sigmund, uniq_robin
D:5:      layout_rooms, bloody_trog, nicolae_dithmenos_shadow_blocks,
          supply_closet_lemuel, grunt_decor_one_mirror, uniq_menkaure
D:6:      layout_loops_corners, nicolae_ru_sacrificial_ziggurat,
          minmay_temple_entry_grid, gammafunk_ghost_arena, serial_shops, shop,
          shop, shop_fountains
D:7:      layout_loops_corners, enter_bailey_2, minmay_misc_feat_rows
D:8:      layout_basic, okawaru_ov_weapons_minmay,
          nicolae_overflow_crystal_walls, chequers_jeans, uniq_joseph
D:9:      layout_basic, fedhas_altar_2
D:10:     layout_irregular_city, erik_orc_1, serial_shops, nicolae_shop_crystal,
          minmay_pinched_square
D:11:     layout_grid_maze, david_lair_generic, serial_shops,
          nicolae_shop_statue_plus, uniq_josephine, uniq_harold, uniq_lodul
Temple:   dpeg_chambers_temple

Skill      XL: |  1  2  3  4  5  6  7  8  9 10 11 |
---------------+----------------------------------+-----
Spellcasting   | 2 3 4 5 |  5.7
Conjurations   | 4 5 6 7 |  7.0
Fighting       | 1 2 3 4 5 |  5.1
Earth Magic    | 1 2 3 4 5 |  5.2
Summonings     | 1 2 3 4 |  4.6
Ice Magic      | 1 2 3 4 |  4.9
Staves         | 1 2 |  2.5
Hexes          | 1 2 3 4 |  4.4
Evocations     | 1 2 3 |  3.2
Axes           | 1 2 3 |  3.3
Dodging        | 2 3 |  3.2
Necromancy     | 2 3 |  3.0
Poison Magic   | 1 2 3 |  3.0
Armour         | 1 2 |  2.9
Air Magic      | 1 2 3 |  3.1
Translocations | 1 |  1.2
Ranged Weapons | |  0.2
Stealth        | |  1.7
Fire Magic     | |  0.8

Action                   |  1- 3 |  4- 6 |  7- 9 | 10-12 || total
-------------------------+-------+-------+-------+-------++-------
Melee: Quarterstaff      |       |    16 |    15 |       ||    31
       Battleaxe         |       |       |    45 |    98 ||   143
 Cast: Magic Dart        |    72 |    33 |    53 |     2 ||   160
       Searing Ray       |     4 |     3 |     3 |       ||    10
       Stone Arrow       |       |    23 |   111 |   122 ||   256
       Ensorcelled Hiber |       |       |     3 |     1 ||     4
       Summon Ice Beast  |       |       |     1 |     2 ||     3
       Mephitic Cloud    |       |       |       |     8 ||     8
       Kindle Blastspark |       |       |       |     3 ||     3
Evoke: Wand              |       |       |     3 |     1 ||     4
  Use: Potion            |       |     5 |     5 |     3 ||    13
       Scroll            |       |     4 |     7 |    10 ||    21
 Stab: Sleeping          |       |       |     1 |       ||     1
       Paralysed         |       |       |       |     2 ||     2
       Confused          |       |       |       |     1 ||     1
Armor: Robe              |       |     5 |     3 |       ||     8
       Ring mail         |       |       |    17 |    47 ||    64
Dodge: Dodged            |       |    26 |    90 |   169 ||   285

Table legend: (Time is in decaauts)
 A = Elapsed time spent in this place.
 B = Non-inter-level travel time spent in this place.
 C = Inter-level travel time spent in this place.
 D = Time resting spent in this place.
 E = Time spent auto-exploring this place.
 F = Levels seen in this place.
 G = Mean time per level.
                   A        B        C        D        E       F      G
               +--------+--------+--------+--------+--------+-----+--------+
         Total |  13730 |  13427 |    303 |   3159 |   8248 |  12 | 1144.2 |
       Dungeon |  13559 |  13273 |    286 |   3064 |   8191 |  11 | 1232.6 |
        Temple |    171 |    154 |     17 |     95 |     57 |   1 |  171.0 |
               +--------+--------+--------+--------+--------+-----+--------+

Top non-repeatable levels by time:
    D:10: 2299 daAuts
     D:6: 1867 daAuts
     D:7: 1618 daAuts
     D:9: 1473 daAuts
     D:4: 1416 daAuts
     D:1: 1085 daAuts
     D:8: 1025 daAuts
     D:2: 1007 daAuts
     D:5: 891 daAuts
     D:3: 568 daAuts
    D:11: 304 daAuts
  Temple: 171 daAuts
